 Dungeon Sprint DCSS version 0.23-a0-375-g66a18ee (webtiles) character file.

1828 Flooderbenga the Arsonist (level 8, -9/48 HPs)
             Began as a Deep Elf Fire Elementalist on Oct 26, 2018.
             Was a Believer of Vehumet.
             Mangled by a deep troll (14 damage)
             ... in the Dungeon (Sprint I: "Red Sonja").
             The game lasted 00:32:08 (1051 turns).

Flooderbenga the Arsonist (DEFE)                    Turns: 1051, Time: 00:32:09

Health: -9/48      AC:  2    Str:  5    XL:     8   Next: 86%
Magic:  1/20       EV: 16    Int: 27    God:    Vehumet [**....]
Gold:   315        SH:  0    Dex: 17    Spells: 6/21 levels left

rFire    . . .     SeeInvis .   j - +9 falchion "Plog" {venom, *Contam Int+4 Dex+2}
rCold    + . .     Gourm    .   (no shield)
rNeg     . . .     Faith    .   a - +0 robe
rPois    .         Spirit   .   (helmet restricted)
rElec    .         Reflect  .   (no cloak)
rCorr    .         Harm     .   (no gloves)
MR       .....     NoTele   +   (no boots)
Stlth    +++.......             (no amulet)
HPRegen  0.16/turn              (no ring)
MPRegen  0.17/turn              (no ring)

@: no status effects
A: horns 1, cold resistance 1, screaming 1
a: Renounce Religion


You were in the Dungeon.
You worshipped Vehumet.
Vehumet was pleased with you.
You were not hungry.

You visited 1 branch You collected 523 gold pieces.
You spent 208 gold pieces at shops.

Inventory:

Hand Weapons
 b - a +7 club
 j - the +9 falchion "Plog" (weapon) {venom, *Contam Int+4 Dex+2}
   (You bought it in a shop in the Dungeon)

   It poisons the flesh of those it strikes.
   It affects your intelligence (+4).
   It affects your dexterity (+2).
   It causes magical contamination when unequipped.
Armour
 a - a +0 robe (worn)
 h - a +0 leather armour
Scrolls
 i - a scroll of blinking {@r4}
Potions
 d - a potion of berserk rage
 e - a potion of heal wounds {@q2}
 f - a potion of haste {@q3}
 g - 2 potions of magic
 q - a potion of curing {@q1}


   Skills:
 + Level 4.1 Fighting
 - Level 6.3 Dodging
 - Level 6.3 Stealth
 + Level 7.1 Spellcasting
 + Level 13.0 Conjurations
 * Level 13.5 Fire Magic


You had 6 spell levels left.
You knew the following spells:

 Your Spells              Type           Power        Failure   Level  Hunger
a - Flame Tongue          Conj/Fire      #####        1%          1    None
b - Throw Flame           Conj/Fire      ######       1%          2    None
c - Conjure Flame         Conj/Fire      ######..     1%          3    None
d - Sticky Flame          Conj/Fire      ######..     1%          4    ##.....
e - Fireball              Conj/Fire      ######....   1%          5    #####..

Your spell library contained the following spells:

 Spells                   Type           Power        Failure   Level  Hunger
 Sandblast                Erth           #.....       6%          1    None
 Inner Flame              Hex/Fire       #####...     1%          3    None


Dungeon Overview and Level Annotations

Branches:
Dungeon (1/1)

Altars:
Cheibriados
Dithmenos
Elyvilon
Fedhas
Gozag
Hepliaklqana
Kikubaaqudgha
Makhleb
Nemelex Xobeh
Okawaru
Qazlal
Ru
Sif Muna
Trog
Uskayaw
Vehumet
Wu Jian
Xom
Yredelemnul
Zin
The Shining One
Jiyva
Lugonu

Shops:
D ((


Innate Abilities, Weirdness & Mutations

You have a pair of small horns on your head.
Your flesh is cold resistant. (rC+)
You occasionally shout uncontrollably at your foes.


Message History

Okay, then.
Unknown command.
Here: a deep troll (almost dead)
The floor.
Unknown command.
It was a potion of mutation.
You feel extremely strange. A pair of horns grows on your head!
You feel the urge to shout.
You feel resistant to cold.
You barely miss the deep troll. The deep troll misses you.
The deep troll claws you! The deep troll claws you.
You take 15 damage, and have 33/48 hp.
MASSIVE DAMAGE!!
You hit the deep troll but do no damage.
The deep troll is poisoned.
The deep troll closely misses you. The deep troll claws you!
The deep troll claws you!!
* * * LOW HITPOINT WARNING * * *
You take 28 damage, and have 5/48 hp.
MASSIVE DAMAGE!!
Okay, then.
Unknown command.
You barely miss the deep troll. The deep troll bites you!
You die...

#..#####'#####'#__
#..####..#...#.###
#..#__####..##.#§§
#..#_____##'#_.+≈§
#⌠⌠#_.∩...'(.._#§§
####_..__##_.#'# +
#_____###'#.#
############.####+
#@T.......'..('$$.
###++++####.).####
##.## #+#


You could see a deep troll.

Vanquished Creatures
  Sonja (D)
  2 kobold demonologists (D)
  A slime creature (D)
  Sigmund (D)
  A yak (D)
  A floating eye (D)
  An ogre (D)
  A jelly (D)
  Ijyb (D)
10 creatures vanquished.

Vanquished Creatures (others)
  A merfolk siren (D)
  A gargoyle (D)
  3 hornets (D)
5 creatures vanquished.

Grand Total: 15 creatures vanquished

Notes
Turn   | Place    | Note
-------+----------+-------------------------------------------
     0 | D        | Flooderbenga the Deep Elf Fire Elementalist began the quest
                  | for the Orb.
     0 | D        | Reached XP level 1. HP: 10/10 MP: 6/6
     6 | D        | Noticed Ijyb
    26 | D        | Killed Ijyb
    26 | D        | Reached skill level 5 in Conjurations
    26 | D        | Reached XP level 2. HP: 5/15 MP: 1/8
    81 | D        | Learned a level 2 spell: Throw Flame
   250 | D        | Noticed an ogre
   258 | D        | Killed an ogre
   258 | D        | Reached XP level 3. HP: 19/19 MP: 0/11
   258 | D        | Reached XP level 4. HP: 24/24 MP: 0/12
   329 | D        | Killed a hornet
   329 | D        | Killed a hornet
   360 | D        | Learned a level 3 spell: Conjure Flame
   365 | D        | Learned a level 4 spell: Sticky Flame
   365 | D        | Noticed Sigmund
   378 | D        | Killed Sigmund
   378 | D        | Reached XP level 5. HP: 31/31 MP: 2/15
   378 | D        | Reached XP level 6. HP: 36/36 MP: 2/17
   442 | D        | Killed a gargoyle
   479 | D        | Learned a level 5 spell: Fireball
   490 | D        | Found an ornate altar of the Wu Jian Council.
   490 | D        | Found a deep blue altar of Sif Muna.
   492 | D        | Found a radiant altar of Vehumet.
   497 | D        | Became a worshipper of Vehumet
   576 | D        | Found Iggahycw's Antique Weapon Emporium.
   576 | D        | Found an ancient bone altar of Kikubaaqudgha.
   576 | D        | Found a hazy altar of Hepliaklqana.
   576 | D        | Found a stormy altar of Qazlal.
   576 | D        | Found a hide-covered altar of Uskayaw.
   576 | D        | Found a blossoming altar of Fedhas.
   576 | D        | Found a bloodstained altar of Trog.
   576 | D        | Found an iron altar of Okawaru.
   576 | D        | Found a basalt altar of Yredelemnul.
   576 | D        | Found a glowing golden altar of the Shining One.
   576 | D        | Found a snail-covered altar of Cheibriados.
   576 | D        | Found a sacrificial altar of Ru.
   576 | D        | Found a glowing silver altar of Zin.
   576 | D        | Found a shadowy altar of Dithmenos.
   576 | D        | Found a white marble altar of Elyvilon.
   576 | D        | Noticed a yak
   583 | D        | Killed a yak
   583 | D        | Reached skill level 10 in Conjurations
   583 | D        | Reached skill level 10 in Fire Magic
   585 | D        | Found an opulent altar of Gozag.
   589 | D        | Found a sparkling altar of Nemelex Xobeh.
   593 | D        | Bought a warped falchion for 208 gold pieces
   593 | D        | Identified the +9 falchion "Plog" {venom, *Contam Int+4
                  | Dex+2} (You bought it in a shop in the Dungeon)
   714 | D        | Found a burning altar of Makhleb.
   714 | D        | Found a viscous altar of Jiyva.
   714 | D        | Found a shimmering altar of Xom.
   714 | D        | Found a corrupted altar of Lugonu.
   714 | D        | Noticed a slime creature
   719 | D        | Killed a slime creature
   719 | D        | Reached * piety under Vehumet
   719 | D        | Offered knowledge of Freeze by Vehumet.
   719 | D        | Reached skill level 5 in Dodging
   719 | D        | Reached XP level 7. HP: 37/41 MP: 5/19
   833 | D        | Noticed a kobold demonologist
   834 | D        | Noticed a kobold demonologist
   837 | D        | Noticed a ynoxinul
   837 | D        | Paralysed by a floating eye for 4 turns
   839 | D        | Noticed a red devil
   840 | D        | Noticed an ice devil
   843 | D        | Noticed a rust devil
   845 | D        | Killed a kobold demonologist
   845 | D        | Reached XP level 8. HP: 30/46 MP: 8/20
   846 | D        | Killed a kobold demonologist
   846 | D        | Reached ** piety under Vehumet
   955 | D        | Noticed a centaur warrior
   959 | D        | Noticed Sonja
   961 | D        | Killed Sonja
   961 | D        | Offered knowledge of Sandblast by Vehumet.
   962 | D        | Killed a hornet
   979 | D        | Found Urcho's Antique Weapon Boutique.
  1010 | D        | Noticed a deep troll
  1031 | D        | Killed a merfolk siren
  1048 | D        | Gained mutation: You have a pair of small horns on your
                  | head. [potion of mutation]
  1048 | D        | Gained mutation: You occasionally shout uncontrollably at
                  | your foes. [potion of mutation]
  1048 | D        | Gained mutation: Your flesh is cold resistant. (rC+)
                  | [potion of mutation]
  1051 | D        | Mangled by a deep troll

Vault maps used:
D:        dungeon_sprint_1

Skill      XL: |  1  2  3  4  5  6  7  8 |
---------------+-------------------------+-----
Conjurations   | 5 6 8 10 12 13 | 13.0
Fire Magic     | 4 6 8 10 12 13 | 13.5
Dodging        | 4 5 6 |  6.3
Spellcasting   | 4 6 7 |  7.1
Fighting       | 2 3 4 |  4.1
Stealth        | 4 6 |  6.3

Action                   |  1- 3 |  4- 6 |  7- 9 || total
-------------------------+-------+-------+-------++-------
Melee: Unarmed           |    10 |       |       ||    10
       Club              |       |     1 |       ||     1
       Falchion          |       |       |     3 ||     3
 Cast: Flame Tongue      |    10 |     7 |    19 ||    36
       Throw Flame       |     1 |     1 |       ||     2
       Conjure Flame     |       |     3 |     1 ||     4
       Sticky Flame      |       |     3 |     1 ||     4
       Fireball          |       |     2 |     6 ||     8
  Use: Potion            |     1 |       |     1 ||     2
  Eat: Ration            |       |       |     1 ||     1
Armor: Robe              |     1 |       |       ||     1
Dodge: Dodged            |     7 |     2 |     3 ||    12
       Rpst.: Falchion   |       |     1 |       ||     1

Table legend:
 A = Non-vault XP
 B = Vault XP
 C = Vault XP percentage of total XP
 D = Non-vault monster count
 E = Vault monster count
 F = Vault count percentage of total count
                 A         B        C        D         E       F
            +---------+---------+-------+---------+---------+-------
      Total |       0 |    2612 | 100.0 |       0 |      10 | 100.0
            +---------+---------+-------+---------+---------+-------
          D |       0 |    2612 | 100.0 |       0 |      10 | 100.0
            +---------+---------+-------+---------+---------+-------
